 Dungeon Crawl Stone Soup version 0.18.1-48-g4cf74bf (webtiles) character file.

524 quazi the Covert (level 7, 0/35 HPs)
             Began as a Spriggan Assassin on Aug 21, 2016.
             Was a Believer of Trog.
             Slain by a gnoll (1 damage)
             ... while paralysed
             ... on level 6 of the Dungeon.
             The game lasted 00:24:04 (4083 turns).

quazi the Covert (Spriggan Assassin)                Turns: 4083, Time: 00:24:05

Health: 0/35       AC:  3    Str:  7    XL:     7   Next: 2%
Magic:  8/8        EV:  4    Int: 13    God:    Trog [**....]
Gold:   194        SH:  0    Dex: 19    Spells: 0 memorised, 6 levels left

rFire  . . .     SeeInvis +     a - +3 dagger
rCold  . . .     Gourm    .     c - +0 robe
rNeg   . . .     Faith    .     (shield restricted)
rPois  .         Spirit   .     (helmet restricted)
rElec  .         Dismiss  .     Q - +0 cloak
rCorr  +         Reflect  .     (gloves unavailable)
SustAt .         Harm     .     (boots unavailable)
MR     +....                    (no amulet)
Stlth  +++++.....               (no ring)
                                H - ring of resist corrosion

@: paralysed, exhausted, slowed, very quick, somewhat resistant to hostile
enchantments, quite stealthy
A: unfitting armour, see invisible, herbivore 3, speed 3, slow metabolism 2
a: Berserk, Trog's Hand, Burn Spellbooks, Renounce Religion


You were on level 6 of the Dungeon.
You worshipped Trog.
Trog was pleased with you.
You were not hungry.

You visited 1 branch of the dungeon, and saw 4 of its levels.

You collected 194 gold pieces.

Inventory:

Hand Weapons
 a - a +3 dagger (weapon)
 b - a +0 blowgun
 l - a +0 dagger
 p - a +0 scythe
 w - a +0 halberd
 z - a +0 hand axe
 D - a +0 war axe
 F - a cursed -3 club
 I - a +0 short sword
 K - a +0 dagger
 R - a +0 hunting sling
 X - a +0 giant club
 Z - a +0 rapier
Missiles
 e - 8 poisoned needles
 f - 2 curare-tipped needles
 h - 97 arrows
 i - 175 stones (quivered)
 E - 5 steel javelins
 G - 3 tomahawks
 O - 53 sling bullets
Armour
 c - a +0 robe (worn)
 d - a +0 cloak
 j - a +0 ring mail
 n - a +0 leather armour
 s - a +0 scale mail
 u - a +0 leather armour
 x - a +0 pair of boots
 C - a +0 chain mail
 M - a +2 buckler of poison resistance
 Q - a +0 cloak (worn)
 S - a +2 naga barding
 U - a +0 chain mail
 V - a +0 ring mail
Jewellery
 H - a ring of resist corrosion (left hand)
Wands
 Y - a wand of flame (20/48)
Scrolls
 t - 3 scrolls of remove curse
 B - a scroll of identify
 W - a scroll of teleportation
Potions
 q - a potion of lignification
 J - a potion of magic
Comestibles
 g - 4 bread rations
 r - 2 meat rations
 v - 3 fruits


   Skills:
 + Level 2.3 Fighting
 + Level 3.3 Short Blades
 + Level 2.1 Throwing
 + Level 7.3 Dodging
 + Level 8.9 Stealth


You had 6 spell levels left.
You didn't know any spells.

Dungeon Overview and Level Annotations

Branches:
Dungeon (3/15)

Altars:
Makhleb
Trog
Vehumet
Zin


Innate Abilities, Weirdness & Mutations

You are tiny and cannot use many weapons and most armour.
You have supernaturally acute eyesight.
You are a herbivore.
You cover ground extremely quickly.
You need consume almost no food.


Message History

The gnoll sergeant is almost dead.
The gnoll hits you.
* * * LOW HITPOINT WARNING * * *
The gnoll misses you.
You puncture the gnoll sergeant!
You kill the gnoll sergeant!
Trog accepts your kill.
You have reached level 7!
The gnoll hits you with a club.
* * * LOW HITPOINT WARNING * * *
You see here a throwing net.
You feel a strong urge to attack something.
You are no longer berserk.
You pass out from exhaustion.
You feel yourself slow down. The gnoll hits you but does no damage.
The gnoll hits you.
* * * LOW HITPOINT WARNING * * *
The gnoll hits you.
You die...

#### #..## # ... .# # #.#
##.## #### #####.###.....##
...# #.........#.!...
##.#########<..gg...<....#
..#.)......).###g##..#.#...
.###.#######.# #g##g.... .#
##.# #.# #@##g#..... .# ##
#.# #.##.#g....# .. .# #.#
#.##g#.##..# .# .# #.#
#.##.# # ..# .##.#
###.###.##.. .# .#..
#.......# ...#######.#.#
### .#...........###.#
....# ##.....#..#


You could see 4 gnolls.

Vanquished Creatures
  Eustachio (D:6)
  An ogre (D:6)
  A gnoll sergeant (D:6)
  A crimson imp (D:3)
  A hound (D:6)
  An iguana (D:6)
  A statue (D:6)
  A gnoll (D:6)
  A howler monkey skeleton (D:6)
  4 adders
  An adder zombie (D:6)
  A worm (D:2)
  3 giant geckos
  8 orcs
  2 giant cockroaches
  5 hobgoblins
  3 jackals (D:3)
  2 ball pythons
  13 bats
  4 giant newts
  6 goblins
  6 kobolds
  6 rats
73 creatures vanquished.

Notes
Turn   | Place    | Note
--------------------------------------------------------------
     0 | D:1      | quazi the Spriggan Assassin began the quest for the Orb.
     0 | D:1      | Reached XP level 1. HP: 10/10 MP: 2/2
    61 | D:1      | Reached skill level 6 in Stealth
   302 | D:1      | Reached XP level 2. HP: 12/14 MP: 3/3
  1486 | D:2      | Reached XP level 3. HP: 18/18 MP: 4/4
  2708 | D:3      | Reached skill level 7 in Stealth
  2708 | D:3      | Reached XP level 4. HP: 7/23 MP: 5/5
  2955 | D:3      | Found a faded altar to an unknown god.
  2979 | D:3      | Became a worshipper of Trog the Wrathful
  2979 | D:3      | Reached * piety under Trog
  3366 | D:3      | Reached ** piety under Trog
  3564 | D:3      | You fall through a shaft for 3 floors!
  3564 | D:6      | Found a radiant altar of Vehumet.
  3564 | D:6      | Noticed a frost-covered statue
  3565 | D:6      | Killed a frost-covered statue
  3565 | D:6      | Reached XP level 5. HP: 24/26 MP: 6/6
  3605 | D:6      | Noticed an ogre
  3613 | D:6      | Reached skill level 5 in Dodging
  3665 | D:6      | Reached skill level 8 in Stealth
  3678 | D:6      | Found a burning altar of Makhleb.
  3681 | D:6      | Noticed a balrug
  3753 | D:6      | Found a glowing silver altar of Zin.
  3753 | D:6      | Noticed an angel
  3865 | D:6      | Noticed an ogre
  3868 | D:6      | Killed an ogre
  3868 | D:6      | Reached XP level 6. HP: 30/30 MP: 7/7
  3987 | D:6      | Noticed Eustachio
  4010 | D:6      | Killed Eustachio
  4077 | D:6      | Reached XP level 7. HP: 7/35 MP: 8/8
  4082 | D:6      | HP: 1/35 [gnoll (3)]
  4083 | D:6      | Slain by a gnoll

Skill      XL: |  1  2  3  4  5  6 |
---------------+-------------------+-----
Stealth        | 6 7 8 |  8.9
Dodging        | 2 3 4 6 7 |  7.3
Fighting       | 2 |  2.3
Short Blades   | 3 |  3.3
Throwing       | |  2.1

Action                   |  1- 3 |  4- 6 |  7- 9 || total
-------------------------+-------+-------+-------++-------
Melee: Dagger            |   124 |   176 |       ||   300
Invok: Trog's Hand       |       |     3 |       ||     3
       Berserk           |       |     2 |       ||     2
  Use: Potion            |     4 |     3 |       ||     7
       Scroll            |     7 |     2 |       ||     9
 Stab: Sleeping          |     9 |    12 |       ||    21
       Distracted        |     1 |       |       ||     1
  Eat: Bread ration      |       |     1 |       ||     1
Armor: Robe              |    33 |    14 |     1 ||    48
Dodge: Dodged            |   138 |   173 |       ||   311
